 Dungeon Crawl Stone Soup version 0.31-a0-202-g547052bce9 (webtiles) character file.

Game seed: 13728413874052375611

73 qw the Shooter (level 4, -4/25 HPs)
             Began as a Deep Elf Hunter on June 26, 2023.
             Slain by a goblin
             ... wielding a +0 club
             ... led by Robin
              (5 damage)
             ... on level 2 of the Dungeon.
             The game lasted 00:00:32 (1374 turns).

qw the Shooter (Deep Elf Hunter)                    Turns: 1374, Time: 00:00:33

Health: -4/25      AC:  6    Str: 10    XL:     4   Next: 8%
Magic:  6/6        EV: 11    Int: 14    God:
Gold:   74         SH:  5    Dex: 18    Spells: 3/3 levels left

rFire   . . .        Y - +0 shortbow
rCold   . . .        (shield currently unavailable)
rNeg    . . .        j - +0 ring mail
rPois   .            (no helmet)
rElec   .            (no cloak)
rCorr   .            (no gloves)
SInv    .            l - +0 pair of boots
Will    .....        i - amulet of reflection
Stlth   +            (no ring)
HPRegen 0.24/turn    (no ring)
MPRegen 0.10/turn

%: reflection
@: no status effects
A: no striking features
a: no special abilities


You were on level 2 of the Dungeon.
You visited 1 branch of the dungeon, and saw 2 of its levels.

You collected 74 gold pieces.


   Skills:
 - Level 1.5 Fighting
 + Level 7.5 Ranged Weapons
 - Level 2.4 Dodging
 - Level 1.2 Stealth


You had 3 spell levels left.
You didn't know any spells.
Your spell library was empty.

Inventory:

Hand Weapons
 Y - a +0 shortbow (weapon)
Armour
 j - a +0 ring mail (worn)
 l - a +0 pair of boots (worn)
Jewellery
 i - an amulet of reflection (around neck)
Scrolls
 a - a scroll of fog {unknown}
 b - a scroll of identify {unknown}
Potions
 g - a potion of attraction {unknown}
 k - a potion of enlightenment {unknown}

Dungeon Overview and Level Annotations

Branches:
Dungeon (2/15)

Altars:


Message History

Robin hits you but does no damage.
You shoot an arrow.
The arrow hits Robin but does no damage.
Robin closely misses you. You block the goblin's attack.
A goblin comes into view. It is wielding a +0 club.
You shoot an arrow. The arrow hits Robin.
Robin is lightly wounded.
Robin throws the goblin at you! You block the goblin's attack.
The goblin barely misses you.
You shoot an arrow. The arrow hits Robin.
Robin is moderately wounded.
Robin roars a battlecry!
The goblins go into a battle-frenzy!
The goblin hits you but does no damage. x2; Robin hits you but does no damage.
The goblin closely misses you. The goblin hits you with a +0 club.
You shoot an arrow. The arrow hits Robin.
Robin is heavily wounded.
Robin throws the goblin at you! You block the goblin's attack.
The goblin barely misses you. The goblin hits you but does no damage.
You shoot an arrow. The arrow hits Robin.
Robin is severely wounded.
Robin says, "My goblins will feast on your bones."
Robin closely misses you. You block the goblin's attack.
The goblin hits you with a +0 club. The goblin hits you but does no damage.
You shoot an arrow. The arrow hits Robin.
Robin is almost dead.
Robin hits you with a +0 whip. The goblin hits you with a +0 club.
The goblin hits you but does no damage. The goblin closely misses you.
You shoot an arrow. The arrow hits Robin!
You kill Robin!
The goblin closely misses you. x2; The goblin hits you but does no damage.
The goblin barely misses you. The goblin hits you with a +0 club.
The goblin hits you but does no damage.
You have reached level 4!
You feel clever.
You shoot an arrow. The arrow hits the goblin.
You kill the goblin!
The goblin barely misses you. You block the goblin's attack.
You shoot an arrow. The arrow closely misses the goblin.
The goblin hits you with a +0 dagger. The goblin hits you with a +0 club.
You die...

.#...#
#........#
...###
#........#
..##
#........#
..#
#........#
.##
#........#
####
#######.##
...#
#######.##
......
....<..%.#
...###
####.##g@#
[..#
#...g)).#
....[
#.....#)#
.#..
........#.#
....
#.......# #
#..##...#
##. #...# #
##.##


You could see 2 goblins.

Vanquished Creatures
  Robin (D:2)
  A worm (D:2)
  2 dart slugs
  6 ball pythons
  An endoplasm (D:1)
  4 giant cockroaches
  7 goblins
  7 hobgoblins
  2 jackals (D:2)
  2 quokkas (D:1)
  4 bats
  2 frilled lizards
  6 kobolds
  8 rats
53 creatures vanquished.

Notes
Turn   | Place    | Note
-------+----------+-------------------------------------------
     0 | D:1      | qw the Deep Elf Hunter began the quest for the Orb.
     0 | D:1      | Reached XP level 1. HP: 12/12 MP: 3/3
     0 | D:1      | 0 ||| qw: Version: 0.3-a-22-g0ed2b0b
     0 | D:1      | 0 ||| qw: Game counter: 6221
     0 | D:1      | 0 ||| qw: Melee chars always use a shield: true
     0 | D:1      | 0 ||| qw: God list: Okawaru
     0 | D:1      | 0 ||| qw: Allow faded altars: false
     0 | D:1      | 0 ||| qw: Do Orc after clearing Dungeon:15 true
     0 | D:1      | 0 ||| qw: Do second Lair branch before Depths: true
     0 | D:1      | 0 ||| qw: Lair rune preference: random
     0 | D:1      | 0 ||| qw: Goals: Normal
     0 | D:1      | 0 ||| PLANNING D:1-11
   119 | D:1      | Reached XP level 2. HP: 16/16 MP: 4/4
   121 | D:1      | Reached skill level 6 in Ranged Weapons
   414 | D:1      | Reached XP level 3. HP: 20/20 MP: 5/5
   832 | D:1      | 832 ||| UPGRADING to +0 ring mail.
   842 | D:1      | 842 ||| DROPPING +0 leather armour.
   843 | D:1      | 843 ||| UPGRADING to +0 pair of boots.
   848 | D:1      | 848 ||| UPGRADING to amulet of reflection.
   853 | D:1      | 853 ||| READING scroll labelled FYOSAM WIA.
   854 | D:1      | 854 ||| READING 2 scrolls labelled NYIJAF ATUDI.
   855 | D:1      | 855 ||| READING scroll labelled ZOICOWARAR.
   856 | D:1      | 856 ||| DRINKING 2 bubbling black potions.
   891 | D:1      | 891 ||| DROPPING scroll of butterflies.
   892 | D:1      | 892 ||| DROPPING potion of lignification.
   893 | D:1      | 893 ||| DROPPING scroll of noise.
   997 | D:2      | Reached skill level 7 in Ranged Weapons
  1360 | D:2      | Noticed Robin
  1371 | D:2      | HP: 5/20 [goblin/+0 club[Robin] (2)]
  1372 | D:2      | Killed Robin
  1373 | D:2      | Reached XP level 4. HP: 3/25 MP: 6/6
  1374 | D:2      | HP: 1/25 [goblin/+0 dagger[Robin] (3)]
  1374 | D:2      | Slain by a goblin

Levels and vault maps discovered:
D:1:      dpeg_arrival_rooms_with_view, layout_basic
D:2:      layout_basic, serial_bayou_crossing, uniq_robin,
          uniq_crazy_yiuf_cottage

Skill      XL: |  1  2  3 |
---------------+----------+-----
Ranged Weapons | 6 7 |  7.5
Fighting       | |  1.5
Dodging        | |  2.4
Stealth        | |  1.2

Action                     |  1- 3 |  4- 6 || total
---------------------------+-------+-------++-------
   Fire: Shortbow          |   128 |     2 ||   130
    Use: Scroll            |     3 |       ||     3
         Potion            |     1 |       ||     1
 Armour: Leather armour    |     4 |       ||     4
         Ring mail         |    25 |       ||    25
  Dodge: Dodged            |    32 |     1 ||    33
  Block: Other             |    11 |     1 ||    12
         Reflection        |     1 |       ||     1

Table legend:
 A = Non-vault XP
 B = Vault XP
 C = Vault XP percentage of total XP
 D = Non-vault monster count
 E = Vault monster count
 F = Vault count percentage of total count
                 A         B        C        D         E       F
            +---------+---------+-------+---------+---------+-------
      Total |      79 |      26 |  24.8 |      46 |       7 |  13.2
            +---------+---------+-------+---------+---------+-------
        D:1 |      49 |       3 |   5.8 |      30 |       2 |   6.2
        D:2 |      30 |      23 |  43.4 |      16 |       5 |  23.8
            +---------+---------+-------+---------+---------+-------
